 Dungeon Crawl Stone Soup version 0.28-a0-1395-g4f6bc678fa (webtiles) character file.

Game seed: 13176878009097725472

3345 fragbeetle the Ruffian (level 9, -1/74 HPs)
             Began as a Red Draconian Transmuter on Jan 5, 2022.
             Was a Follower of Qazlal.
             Slain by a meliai (15 damage)
             ... on level 9 of the Dungeon.
             The game lasted 00:24:57 (7783 turns).

fragbeetle the Ruffian (Red Draconian Transmuter)   Turns: 7783, Time: 00:24:58

Health: -1/74      AC:  2    Str: 14    XL:     9   Next: 72%
Magic:  13/15      EV: 21    Int: 17    God:    Qazlal [*.....]
Gold:   238        SH:  1    Dex: 16    Spells: 5/16 levels left

rFire   . . .      SeeInvis .     - Unarmed
rCold   . . .      Faith    .   (shield currently unavailable)
rNeg    . . .      Spirit   .   (armour unavailable)
rPois   x          Reflect  .   (helmet currently unavailable)
rElec   .          Harm     .   (cloak currently unavailable)
rCorr   .          Rampage  .   (gloves currently unavailable)
Will    .....                   (boots currently unavailable)
Stlth   +.........              f - amulet of regeneration
HPRegen 1.02/turn               (no ring)
MPRegen 0.14/turn               (no ring)

@: about to teleport, spider-form, studying Long Blades
A: venomous fangs, (breathe fire), AC +7, tiny, unfitting armour, (fire
resistance 1), (cold-blooded)
a: End Transformation, Renounce Religion


You were on level 9 of the Dungeon.
You worshipped Qazlal.
Qazlal was aware of your devotion.
You were a venomous arachnid creature.
You visited 2 branches of the dungeon, and saw 10 of its levels.

You collected 528 gold pieces.
You spent 290 gold pieces at shops.

Inventory:

Missiles
 e - 245 stones
 h - a boomerang (quivered)
 y - 37 poisoned darts
Armour
 b - an orb of guile
 x - a +0 pair of boots (melded)
 B - a scarf of repulsion (melded)
Jewellery
 f - an amulet of regeneration (around neck)
 k - an amulet of guardian spirit
Wands
 o - a wand of acid (3)
 p - a wand of mindburst (15)
Scrolls
 a - 2 scrolls of magic mapping
 c - 4 scrolls of silence
 d - 3 scrolls of blinking {unknown}
 g - 3 scrolls of enchant armour
 i - 5 scrolls of immolation
 m - 3 scrolls of enchant weapon
 r - 3 scrolls of fear
 s - 3 scrolls of teleportation
 t - 2 scrolls of summoning {unknown}
 u - 2 scrolls of amnesia {unknown}
 w - 3 scrolls of fog {unknown}
 A - a scroll of identify
Potions
 j - 5 potions of brilliance
 l - 2 potions of cancellation
 n - a potion of invisibility
 q - a potion of ambrosia {unknown}
 v - 2 potions of might {unknown}
 z - a potion of degeneration {unknown}
 C - a potion of flight {unknown}
 D - a potion of heal wounds {unknown}
 E - a potion of curing {unknown}
 F - 2 potions of magic {unknown}


   Skills:
 + Level 5.0 Fighting
 + Level 4.4 Dodging
 * Level 7.2 Unarmed Combat
 + Level 4.3 Spellcasting
 * Level 6.8 Transmutations
 + Level 3.1 Ice Magic
 + Level 4.0 Poison Magic
 + Level 2.8 Invocations


You had 5 spell levels left.
You knew the following spells:

 Your Spells              Type           Power      Damage    Failure   Level
a - Beastly Appendage     Tmut           54%        N/A       4%          1
b - Spider Form           Tmut/Pois      22%        N/A       14%         3
c - Frozen Ramparts       Ice            28%        1d4       28%         3
d - Ice Form              Ice/Tmut       20%        N/A       38%         4

Your spell library contained the following spells:

 Spells                   Type           Power      Damage    Failure   Level
 Wereblood                Tmut           27%        N/A       6%          2
 Freeze                   Ice            56%        1d7       13%         1
 Hailstorm                Conj/Ice       9%         3d4       82%         4
 Animate Dead             Necr           1%         N/A       94%         4
 Haunt                    Necr/Summ      1%         N/A       100%        7
 Infestation              Necr           1%         N/A       100%        8


Dungeon Overview and Level Annotations

Branches:
Dungeon (9/15)             Temple (1/1) D:5
   Lair: D:8-11         Orc: D:9-12

Altars:
Ashenzari
Cheibriados
Dithmenos
Elyvilon
Fedhas
Gozag
Hepliaklqana
Kikubaaqudgha
Makhleb
Nemelex Xobeh
Okawaru
Qazlal
Ru
Sif Muna
Trog
Uskayaw
Vehumet
Wu Jian
Xom
Yredelemnul
Zin
The Shining One

Shops:
D:4 ?

Annotations:
D:6 eels
D:9 Psyche


Innate Abilities, Weirdness & Mutations

You are a venomous arachnid creature.
You have poisonous fangs.
You are tiny and dextrous.
Your spellcasting is less reliable in this form.
Your armour is entirely melded.
You are incapable of wielding weapons or throwing items.
((You can breathe blasts of fire.))
((Your fiery red scales are hard. (AC +7)))
You cannot fit into any form of body armour.
((Your flesh is heat resistant. (rF+)))
((You are cold-blooded and may be slowed by cold attacks.))


Message History

The arc of chaos hits the meliai.
The meliai misses you. The meliai completely misses you.
Psyche gestures wildly while chanting.
Psyche flickers and vanishes!
Deactivating autopickup; reactivate with Ctrl-A.
You bite the meliai!
The meliai is poisoned.
The meliai is moderately wounded.
The meliai hits you with a +0 war axe! The meliai closely misses you.
You barely miss the meliai.
The meliai is moderately wounded.
The meliai completely misses you. The meliai stings you. The meliai misses you.
You block the meliai's attack.
You hear some strange, mumbled words.
A swirling arc of seething chaos appears!
An arc of chaos appears from out of thin air!
The arc of chaos hits the meliai.
You bite the meliai!
The meliai looks as sick as possible!
The meliai is almost dead.
You kill the meliai!
Qazlal accepts your kill. The meliai closely misses you. The meliai stings you!
You hear some strange, mumbled words.
A swirling arc of seething chaos appears!
An arc of chaos appears from out of thin air!
The arc of chaos hits the meliai. x2; The meliai goes berserk!
Your Fighting skill increases to level 5!
You barely miss the meliai.
The meliai is moderately wounded.
The meliai hits you with a +0 hand axe. The meliai completely misses you.
The meliai closely misses you. The meliai stings you.
You hear some strange, mumbled words.
A swirling arc of seething chaos appears!
An arc of chaos appears from out of thin air!
The arc of chaos hits the meliai.
The arc of chaos hits you. The meliai hits you with a +0 hand axe!
* * * LOW HITPOINT WARNING * * *
The meliai misses you.
As you read the scroll of teleportation, it crumbles to dust.
You feel strangely unstable. The meliai hits you with a +0 hand axe!
You die...

#.#.#.#.###.#.'....
#...#.#.....###....
##.########## ##'## #...##
#.# ###..# #.# ##.# #.#
##'####### #.##
#########........# #..#
#{....ys'........#####'#
@...#######........##.....
# #........##.....
#.........#.....
#.........#.....
#...............
#........##.....
#........##.....
#........####'##


You could see a meliai (berserk).

Vanquished Creatures
  2 meliai (D:9)
  4 yaks (D:8)
  2 shadows
  A water moccasin (D:9)
  A sky beast (D:6)
  2 black bears
  An ogre (D:5)
  2 centaurs
  5 scorpions
  2 bullfrogs
  A gnoll sergeant (D:8)
  A water moccasin skeleton (D:5)
  6 wights
  2 jellies (D:6)
  An orc priest (D:7)
  4 hounds
  A bullfrog skeleton (D:7)
  3 centaur skeletons
  An iguana (D:5)
  3 orc wizards (D:7)
  A howler monkey zombie (D:6)
  7 gnolls
  A howler monkey skeleton (D:4)
  5 adders
  2 shadow imps
  3 white imps
  2 adder skeletons (D:4)
  2 worms
  7 orcs
  2 endoplasms (D:3)
  4 giant cockroaches
  5 hobgoblins
  4 quokkas
  11 ball pythons
  5 bats
  8 frilled lizards
  8 goblins
  9 kobolds
  4 rats
135 creatures vanquished.

Vanquished Creatures (others)
  14 plants (D:6)
14 creatures vanquished.

Grand Total: 149 creatures vanquished

Notes
Turn   | Place    | Note
-------+----------+-------------------------------------------
     0 | D:1      | fragbeetle the Draconian Transmuter began the quest for the
                  | Orb.
     0 | D:1      | Reached XP level 1. HP: 16/16 MP: 3/3
   316 | D:1      | Reached XP level 2. HP: 22/23 MP: 1/5
  1164 | D:1      | Reached XP level 3. HP: 7/29 MP: 3/6
  1444 | D:2      | Identified the +11 mace "Xulenaha" {vorpal, *Rage rN++ SInv
                  | Stlth+}
  1475 | D:2      | Reached XP level 4. HP: 12/36 MP: 7/7
  1512 | D:2      | Learned a level 3 spell: Spider Form
  2352 | D:3      | Found a bloodstained altar of Trog.
  2959 | D:4      | Found Pass's Magic Scroll Emporium.
  2962 | D:4      | Bought 2 scrolls of identify for 40 gold pieces
  2962 | D:4      | Bought a scroll of noise for 10 gold pieces
  2962 | D:4      | Bought a scroll of teleportation for 30 gold pieces
  2962 | D:4      | Bought a scroll of immolation for 35 gold pieces
  2962 | D:4      | Bought a scroll of torment for 75 gold pieces
  3014 | D:4      | Noticed a black bear
  3021 | D:4      | Killed a black bear
  3022 | D:4      | Reached skill level 4 in Unarmed Combat
  3022 | D:4      | Reached XP level 5. HP: 33/42 MP: 6/8
  3044 | D:4      | Learned a level 3 spell: Frozen Ramparts
  3086 | D:4      | Reached skill level 1 in Poison Magic
  3290 | D:4      | Reached XP level 6. HP: 43/50 MP: 9/9
  3459 | D:5      | Entered Level 5 of the Dungeon
  3533 | D:5      | Reached skill level 1 in Ice Magic
  3658 | D:5      | Your scales start taking on a fiery red colour.
  3658 | D:5      | Reached XP level 7. HP: 51/56 MP: 5/11
  3658 | D:5      | Gained mutation: Your flesh is heat resistant. (rF+) [Red
                  | Draconian growth]
  3847 | D:5      | Reached skill level 5 in Unarmed Combat
  3853 | D:5      | Found a staircase to the Ecumenical Temple.
  3860 | Temple   | Entered the Ecumenical Temple
  4107 | D:5      | Found a basalt altar of Yredelemnul.
  4288 | D:5      | Reached skill level 5 in Transmutations
  4674 | D:4      | Bought 2 scrolls of fear for 70 gold pieces
  4674 | D:4      | Bought a scroll of teleportation for 30 gold pieces
  4833 | D:6      | Reached XP level 8. HP: 63/63 MP: 10/12
  6007 | Temple   | Became a worshipper of Qazlal Stormbringer
  6220 | D:7      | Reached skill level 6 in Unarmed Combat
  6261 | D:7      | HP: 1/61 [wight (5)]
  6422 | D:7      | Found a shimmering blue altar of Sif Muna.
  6457 | D:7      | Found a white marble altar of Elyvilon.
  6580 | D:7      | Reached skill level 1 in Invocations
  6737 | D:8      | Learned a level 4 spell: Ice Form
  7020 | D:8      | Reached XP level 9. HP: 72/72 MP: 7/14
  7208 | D:8      | Reached * piety under Qazlal
  7740 | D:9      | Reached skill level 7 in Unarmed Combat
  7770 | D:9      | Noticed a meliai
  7770 | D:9      | Noticed Psyche
  7775 | D:9      | Noticed a meliai
  7776 | D:9      | Killed a meliai
  7776 | D:9      | Noticed a meliai
  7781 | D:9      | Killed a meliai
  7782 | D:9      | Reached skill level 5 in Fighting
  7783 | D:9      | Slain by a meliai

Illustrated notes

Levels and vault maps discovered:
D:1:      dpeg_arrival_connections, layout_loops_ring, minmay_octomino_c4
D:2:      kennysheep_six_static_rooms, layout_loops_ring, st_stairs_11,
          kennysheep_generic_room_4
D:3:      layout_loops_ring, trog_three_pillars_becter
D:4:      layout_loops_ring, serial_shops, shop
D:5:      layout_basic, amcnicky_altar_gilded, minmay_temple_entry_tees
D:6:      layout_loops_corners, serial_bayou, serial_bayou_lagoon_b,
          serial_bayou_pond_a, serial_bayou_lagoon_a, serial_bayou_shore_a
D:7:      layout_loops_cross, mainiacjoe_overflow_catch_the_wave,
          eino_tiny_chamber, glass_columns_b
D:8:      layout_loops_ring
D:9:      layout_roguey, lair_entry_dummy, uniq_psyche
Temple:   nicolae_temple_no_exploring_needed

Skill      XL: |  1  2  3  4  5  6  7  8  9 |
---------------+----------------------------+-----
Dodging        | 2 3 4 |  4.4
Fighting       | 2 3 4 5 |  5.0
Transmutations | 3 4 5 6 |  6.8
Unarmed Combat | 4 5 6 7 |  7.2
Poison Magic   | 1 2 3 4 |  4.0
Ice Magic      | 1 2 3 |  3.1
Spellcasting   | 3 4 |  4.3
Invocations    | 1 2 |  2.8

Action                   |  1- 3 |  4- 6 |  7- 9 || total
-------------------------+-------+-------+-------++-------
Melee: Unarmed           |   132 |   109 |   249 ||   490
       Kick              |    17 |    17 |    45 ||    79
       Headbutt          |    14 |    12 |    27 ||    53
       Tailslap          |     7 |    12 |    19 ||    38
       Punch             |     1 |     2 |     3 ||     6
Throw: Boomerang         |     1 |     2 |     6 ||     9
 Cast: Beastly Appendage |    27 |    24 |    25 ||    76
       Spider Form       |       |     2 |    12 ||    14
       Frozen Ramparts   |       |     1 |     5 ||     6
       Ice Form          |       |       |     3 ||     3
 Abil: Breathe Fire      |       |       |     2 ||     2
Evoke: Wand              |       |     1 |     6 ||     7
  Use: Potion            |     1 |       |       ||     1
       Scroll            |       |     8 |     1 ||     9
 Stab: Sleeping          |       |     1 |       ||     1
Armor: Skin              |    36 |    27 |    52 ||   115
Dodge: Dodged            |    77 |    62 |   157 ||   296
Block: Other             |       |       |     3 ||     3

Table legend: (Time is in decaauts)
 A = Elapsed time spent in this place.
 B = Non-inter-level travel time spent in this place.
 C = Inter-level travel time spent in this place.
 D = Time resting spent in this place.
 E = Time spent auto-exploring this place.
 F = Levels seen in this place.
 G = Mean time per level.
                   A        B        C        D        E       F      G
               +--------+--------+--------+--------+--------+-----+--------+
         Total |   7731 |   7419 |    312 |    365 |   4426 |  10 |  773.1 |
       Dungeon |   7678 |   7368 |    310 |    365 |   4426 |   9 |  853.1 |
        Temple |     53 |     52 |      1 |      0 |      0 |   1 |   53.0 |
               +--------+--------+--------+--------+--------+-----+--------+

Top non-repeatable levels by time:
     D:5: 1232 daAuts
     D:1: 1164 daAuts
     D:6: 1061 daAuts
     D:2: 921 daAuts
     D:7: 862 daAuts
     D:8: 838 daAuts
     D:4: 703 daAuts
     D:3: 689 daAuts
     D:9: 204 daAuts
  Temple: 53 daAuts
